 Dungeon Crawl Stone Soup version 0.32-a0-876-gcfddb08e57 (webtiles) character file.

Game seed: 12207064583570572387

194 Fodor the Covered (level 5, -4/46 HPs)
             Began as a Minotaur Fighter on Mar 31, 2024.
             Killed by divine providence
             ... invoked by an orc priest
              (12 damage)
             ... on level 4 of the Dungeon.
             The game lasted 00:08:12 (2333 turns).

Fodor the Covered (Minotaur Fighter)                Turns: 2333, Time: 00:08:13

Health: -4/46      AC: 13    Str: 23    XL:     5   Next: 44%
Magic:  4/4        EV: 10    Int:  5    God:
Gold:   57         SH:  0    Dex:  9    Spells: 4/4 levels left

rFire   . . .        j - +11 quarterstaff of Spores {freeze, ^Contam rC+ rN++}
rCold   + . .        (shield currently unavailable)
rNeg    + + +        x - +0 plate armour
rPois   .            (helmet restricted)
rElec   .            (no cloak)
rCorr   .            q - +0 pair of gloves
SInv    .            (no boots)
Will    .....        (no amulet) Stlth
                     f - ring of positive energy
HPRegen 0.27/turn    k - +5 ring of evasion
MPRegen 0.09/turn

%: no passive effects
@: mighty
A: horns 2, retaliatory headbutt
a: Convert to Beogh


You were on level 4 of the Dungeon.
You visited 1 branch of the dungeon, and saw 4 of its levels.

You collected 57 gold pieces.

Inventory:

Hand Weapons
 a - a +0 war axe
 j - the +11 quarterstaff of Spores (weapon) {freeze, ^Contam rC+ rN++}
   (You found it on level 2 of the Dungeon)

   rC+:       It protects you from cold.
   rN++:      It greatly protects you from negative energy.
   ^Contam:   It causes magical contamination when unequipped.
Missiles
 i - 2 boomerangs (quivered)
Armour
 b - a +0 chain mail
 o - a +0 kite shield
 q - a +0 pair of gloves (worn)
 x - a +0 plate armour (worn)
Jewellery
 f - a ring of positive energy (left hand)
 k - a +5 ring of evasion (right hand)
Wands
 w - a wand of charming (6)
Scrolls
 c - a scroll of enchant armour {unknown}
 g - a scroll of poison {unknown}
 h - a scroll of amnesia {unknown}
 l - 3 scrolls of identify {unknown}
 m - a scroll of fog {unknown}
 n - a scroll of enchant weapon {unknown}
 p - a scroll of revelation {unknown}
 t - a scroll of vulnerability {unknown}
 u - a scroll of brand weapon {unknown}
Potions
 r - a potion of curing {unknown}
 s - a potion of resistance {unknown}
 v - 2 potions of heal wounds {unknown}


   Skills:
 + Level 4.2 Fighting
 + Level 4.2 Axes
 + Level 2.5 Staves
 + Level 0.3 Throwing
 + Level 4.4 Armour
 + Level 0.1 Dodging
 + Level 1.4 Stealth
 + Level 3.9 Shields


You had 4 spell levels left.
You didn't know any spells.
Your spell library contained the following spells:

 Spells                   Type           Power      Damage    Failure   Level
 Foxfire                  Conj/Fire      0%         2x1d4     100%        1
 Summon Blazeheart Golem  Fire/Summ      0%         N/A       100%        4
 Orb of Destruction       Conj           0%         9d5       100%        7
 Spellforged Servitor     Conj/Summ      0%         N/A       100%        7
 Summon Horrible Things   Summ           0%         N/A       100%        8
 Dragon's Call            Summ           0%         N/A       100%        9


Dungeon Overview and Level Annotations

Branches:
Dungeon (4/15)
 Temple: D:4-7

Altars:
Elyvilon


Innate Abilities, Weirdness & Mutations

You have a pair of horns on your head.
You reflexively headbutt those who attack you in melee.


Message History

The orc barely misses you. You furiously retaliate!
You headbutt the orc. You closely miss the orc.
The orc is heavily wounded.
The orc barely misses you. The orc hits you but does no damage.
The orc closely misses you. You furiously retaliate!
You headbutt the orc. You closely miss the orc.
The orc is heavily wounded.
An adder comes into view.
The orc closely misses you. x2
You sock the orc! You freeze the orc.
You kill the orc!
The orc barely misses you.
The orc priest mumbles some strange prayers to Beogh against you.
Beogh smites you!
The orc priest shouts, "Beogh offers mercy even to people such as you.
Join us and be reborn!" (press Y on the ability menu to convert to Beogh)
You barely miss the orc wizard. Your headbutt misses the orc wizard.
The orc wizard gestures at you while chanting.
The magic dart hits you. The orc barely misses you.
You thump the orc wizard! You freeze the orc wizard.
You kill the orc wizard!
The orc completely misses you.
Your Staves skill increases to level 2!
You thump the orc priest! You freeze the orc priest.
Your headbutt misses the orc priest.
The orc priest is severely wounded.
The orc priest hits you with a +0 short sword.
The orc hits you with a +0 flail!
* * * LOW HITPOINT WARNING * * *
The orc closely misses you.
The orc priest shouts, "The Pantheon deserves no one's loyalty.
Let us show you the true path!"
The orc priest hits you with a +0 short sword.
* * * LOW HITPOINT WARNING * * *
It was a potion of cancellation.
You feel magically purged. The orc priest barely misses you.
The orc closely misses you.
Unknown command.
You feel very mighty all of a sudden.
The orc priest calls down the wrath of Beogh upon you.
Beogh smites you!
You die...

#.......#
##.......#
.......)##
........#
.......# .S....#
#oo...#
#@#...#..
######....)....
###....#........
#.'.............
#.#....##.......
#.#.....#....#.#
#.#.....#....# .
#.#.....#....#
#.#.....#....#


You could see an orc priest, an adder and an orc.

Vanquished Creatures
  Blork the orc (D:4)
  An orc wizard (D:4)
  4 adders
  A dart slug (D:2)
  A ribbon worm (D:2)
  An orc (D:4)
  4 ball pythons
  4 bats
  9 endoplasms
  6 giant cockroaches
  3 goblins
  2 hobgoblins
  2 jackals (D:2)
  6 kobolds
  6 quokkas
  3 frilled lizards (D:1)
  5 rats
59 creatures vanquished.

Notes
Turn   | Place    | Note
-------+----------+-------------------------------------------
     0 | D:1      | Fodor the Minotaur Fighter began the quest for the Orb.
     0 | D:1      | Reached XP level 1. HP: 19/19 MP: 0/0
    65 | D:1      | Reached XP level 2. HP: 19/27 MP: 1/1
   389 | D:1      | Reached XP level 3. HP: 33/33 MP: 2/2
   891 | D:2      | Identified the +11 quarterstaff of Spores {freeze, ^Contam
                  | rC+ rN++}
  1161 | D:2      | Reached XP level 4. HP: 40/40 MP: 3/3
  1732 | D:3      | Got the Incunabulum of Accompaniment and Wildfire
  2012 | D:3      | Found a white marble altar of Elyvilon.
  2279 | D:4      | Noticed Blork the orc
  2283 | D:4      | Killed Blork the orc
  2284 | D:4      | Reached skill level 1 in Staves
  2284 | D:4      | Reached skill level 1 in Stealth
  2284 | D:4      | Reached XP level 5. HP: 40/46 MP: 4/4
  2333 | D:4      | Killed from afar by an orc priest

Illustrated notes

Levels and vault maps discovered:
D:1:      moated_graveyard_arrival, layout_basic, wad_floor_pattern_2
D:2:      layout_basic
D:3:      layout_loops_cross, nicolae_elyvilon_temple_path
D:4:      layout_basic, lemuel_tele_altar, gammafunk_temple_overflow_statue,
          cheibrodos_gnoll_hut, uniq_blork_the_orc

Skill      XL: |  1  2  3  4  5 |
---------------+----------------+-----
Axes           | 3 4 |  4.2
Fighting       | 4 |  4.2
Armour         | 4 |  4.4
Staves         | 1 2 |  2.5
Stealth        | 1 |  1.4
Throwing       | |  0.3
Dodging        | |  0.1
Shields        | |  3.9

Action                     |  1- 3 |  4- 6 || total
---------------------------+-------+-------++-------
  Melee: War axe           |    49 |       ||    49
         Headbutt          |     5 |     1 ||     6
         Quarterstaff      |    12 |    23 ||    35
  Throw: Boomerang         |     8 |       ||     8
    Use: Potion            |       |     2 ||     2
 Armour: Scale mail        |    61 |     4 ||    65
         Plate armour      |       |     7 ||     7
  Dodge: Dodged            |    46 |    30 ||    76
  Block: Buckler           |    12 |       ||    12

Table legend: (Time is in decaauts)
 A = Elapsed time spent in this place.
 B = Non-inter-level travel time spent in this place.
 C = Inter-level travel time spent in this place.
 D = Time resting spent in this place.
 E = Time spent auto-exploring this place.
 F = Levels seen in this place.
 G = Mean time per level.
                   A        B        C        D        E       F      G
               +--------+--------+--------+--------+--------+-----+--------+
         Total |   2361 |   2179 |    182 |      0 |   1574 |   4 |  590.2 |
       Dungeon |   2361 |   2179 |    182 |      0 |   1574 |   4 |  590.2 |
               +--------+--------+--------+--------+--------+-----+--------+

Top non-repeatable levels by time:
     D:3: 992 daAuts
     D:1: 900 daAuts
     D:2: 381 daAuts
     D:4: 86 daAuts
